 Dungeon Crawl Stone Soup version 0.32-a0-913-g739538afd8 (webtiles) character file.

Game seed: 11129110388044645731

228 McSplat the Sneak (level 5, -2/32 HPs)
             Began as a Vampire Brigand on Apr 8, 2024.
             Slain by Pikel
             ... wielding a +0 whip of flaming
              (3 damage)
             ... on level 3 of the Dungeon.
             The game lasted 00:11:58 (2527 turns).

McSplat the Sneak (Vampire Brigand)                 Turns: 2527, Time: 00:11:58

Health: -2/32      AC:  6    Str: 18    XL:     5   Next: 71%
Magic:  5/5        EV: 10    Int: 13    God:
Gold:   167        SH:  5    Dex: 16    Spells: 4/4 levels left

rFire   . . .        a - +2 dagger (vamp)
rCold   + + .        (no shield)
rNeg    + + +        f - +0 ring mail
rPois   ∞            (no helmet)
rElec   .            c - +0 cloak
rCorr   .            (no gloves)
SInv    +            (no boots)
Will    .....        h - amulet of reflection
Stlth   +++++        r - +6 ring of strength
HPRegen 0.00/turn    (no ring)
MPRegen 0.09/turn

%: reflection
@: bloodless, inhibited regen
A: bloodless, fangs 3, see invisible, vampiric 2
a: Bat Form, Revivify


You were on level 3 of the Dungeon.
You visited 1 branch of the dungeon, and saw 4 of its levels.

You collected 167 gold pieces.

Inventory:

Hand Weapons
 a - a +2 vampiric dagger (weapon)
 b - a +0 long sword
Missiles
 d - 9 poisoned darts (quivered)
 e - 3 curare-tipped darts
Armour
 c - a +0 cloak (worn)
 f - a +0 ring mail (worn)
 l - a +0 robe
Jewellery
 h - an amulet of reflection (around neck)
 r - a +6 ring of strength (left hand)
Wands
 q - a wand of warping (11)
 t - a wand of flame (14)
Scrolls
 m - a scroll of enchant weapon {unknown}
 n - 2 scrolls of teleportation
Potions
 g - 2 potions of haste
 i - a potion of invisibility {unknown}
 j - a potion of resistance {unknown}
 k - 2 potions of enlightenment {unknown}
 o - a potion of ambrosia {unknown}
 p - 3 potions of degeneration {unknown}
 s - 3 potions of might


   Skills:
 + Level 3.2 Fighting
 + Level 4.0 Short Blades
 - Level 2.0 Throwing
 - Level 1.8 Dodging
 + Level 7.5 Stealth


You had 4 spell levels left.
You didn't know any spells.
Your spell library was empty.

Dungeon Overview and Level Annotations

Branches:
Dungeon (4/15)
 Temple: D:4-7

Altars:

Shops:
D:3 ::!

Annotations:
D:3 Pikel


Innate Abilities, Weirdness & Mutations

You do not regenerate when monsters are visible.
You are frail without blood (-20% HP).
You can heal yourself when you bite living creatures.
You are immune to poison.
You have razor-sharp teeth.
You have supernaturally acute eyesight. (SInv)
You are afflicted with vampirism and can become a bat while bloodless.


Message History

Pikel barely misses you.
You barely miss Pikel.
Pikel is severely wounded.
You closely miss Pikel.
Pikel is severely wounded.
You block Pikel's attack.
You closely miss Pikel.
Pikel is severely wounded.
Pikel closely misses you.
You hit Pikel but do no damage.
Pikel is severely wounded.
Pikel hits you but does no damage.
You hit Pikel but do no damage. You bite Pikel, but do no damage.
Pikel is severely wounded.
Pikel hits you but does no damage.
You miss Pikel.
Pikel is severely wounded.
You closely miss Pikel.
Pikel is severely wounded.
Pikel hits you with a +0 whip of flaming!
* * * LOW HITPOINT WARNING * * *
Pikel burns you.
* * * LOW HITPOINT WARNING * * *
Pikel attacks as he pursues you!
Pikel hits you with a +0 whip of flaming.
* * * LOW HITPOINT WARNING * * *
Pikel burns you.
* * * LOW HITPOINT WARNING * * *
Okay, then.
Unknown command.
Okay, then.
Okay, then.
Unknown command.
Aiming: Warp Space
Press: ? - help, Shift-Dir - straight line Space twists violently!
The rupture engulfs Pikel.
Pikel is almost dead.
Pikel hits you with a +0 whip of flaming.
You die...
Pikel says, "See you in Hell!"

###### #'# #.......# ######.....
.....# #.###.#.#######......#...
##.#.####.......# ##..######...
.......).....#### #..######....
.########....##### #.## #......#
.## ###..)..>...####.# ##.###..#
..# #...#..####.##...###..###..#
#.# #.##...####..#.##.....##...#
#.####.##.#.....@K..........#..##
#.##...#........#..###.÷......)..
..#..##....##..###...#.......#÷.#
##..##..#.###..# ###...........##
#..##..##.##...# ####........#
#..##.###.##.#.## #........÷#
##.##.#......#..######.........#
##....#.......................###
#.......##.##.....###............


You could see Pikel (very poisoned).

Vanquished Creatures
  A lemure (D:4)
  A scorpion (D:4)
  A jelly (D:4)
  6 adders
  2 dart slugs (D:1)
  An orc (D:4)
  3 bats (D:3)
  6 endoplasms
  8 giant cockroaches
  10 goblins
  11 hobgoblins
  5 jackals
  8 ball pythons
  3 frilled lizards
  5 kobolds
  5 rats
76 creatures vanquished.

Notes
Turn   | Place    | Note
-------+----------+-------------------------------------------
     0 | D:1      | McSplat the Vampire Brigand began the quest for the Orb.
     0 | D:1      | Reached XP level 1. HP: 16/16 MP: 1/1
   115 | D:1      | Reached skill level 6 in Stealth
   120 | D:1      | Reached XP level 2. HP: 15/22 MP: 2/2
   662 | D:1      | Gained mutation: You are afflicted with vampirism and can
                  | become a bat while bloodless. [Vampire growth]
   662 | D:1      | Reached XP level 3. HP: 21/21 MP: 3/3
  1587 | D:3      | Found Ranyguow's Book Boutique.
  1616 | D:3      | Reached XP level 4. HP: 27/27 MP: 4/4
  1741 | D:3      | Found Ocobev's Book Boutique.
  1877 | D:3      | Reached skill level 7 in Stealth
  2102 | D:3      | Found Vatycak's Distillery.
  2298 | D:4      | Reached XP level 5. HP: 15/32 MP: 5/5
  2431 | D:4      | Noticed a lemure
  2436 | D:4      | Noticed Pikel
  2438 | D:4      | Killed a lemure
  2439 | D:4      | Noticed a lemure
  2439 | D:4      | Noticed a lemure
  2439 | D:4      | Noticed a lemure
  2526 | D:3      | HP: 1/32 [Pikel/+0 whip of flaming (2)]
  2527 | D:3      | Slain by Pikel

Illustrated notes

Levels and vault maps discovered:
D:1:      shiori_arrival_oz, layout_basic, minmay_pentomino_z4
D:2:      layout_basic
D:3:      layout_rooms, serial_shops, nicolae_shop_rolling_square,
          nicolae_shop_window_shopping, shop, minmay_bisected
D:4:      layout_loops_ring, minitemple, uniq_edmund, uniq_pikel, uniq_grinder

Skill      XL: |  1  2  3  4  5 |
---------------+----------------+-----
Stealth        | 6 7 |  7.5
Fighting       | 2 3 |  3.2
Throwing       | 2 |  2.0
Short Blades   | 3 4 |  4.0
Dodging        | |  1.8

Action                     |  1- 3 |  4- 6 || total
---------------------------+-------+-------++-------
  Melee: Dagger            |   146 |    97 ||   243
         Bite              |    13 |     9 ||    22
  Throw: Dart              |    10 |     7 ||    17
Ability: Exsanguinate      |     1 |       ||     1
  Evoke: Wand              |       |     2 ||     2
    Use: Scroll            |       |     3 ||     3
         Potion            |       |     1 ||     1
   Stab: Sleeping          |    10 |     9 ||    19
         Distracted        |       |     1 ||     1
 Armour: Robe              |    47 |       ||    47
         Ring mail         |    14 |    47 ||    61
  Dodge: Dodged            |    53 |    33 ||    86
  Block: Other             |    15 |    12 ||    27

Table legend: (Time is in decaauts)
 A = Elapsed time spent in this place.
 B = Non-inter-level travel time spent in this place.
 C = Inter-level travel time spent in this place.
 D = Time resting spent in this place.
 E = Time spent auto-exploring this place.
 F = Levels seen in this place.
 G = Mean time per level.
                   A        B        C        D        E       F      G
               +--------+--------+--------+--------+--------+-----+--------+
         Total |   2470 |   2318 |    152 |    166 |   1480 |   4 |  617.5 |
       Dungeon |   2470 |   2318 |    152 |    166 |   1480 |   4 |  617.5 |
               +--------+--------+--------+--------+--------+-----+--------+

Top non-repeatable levels by time:
     D:1: 913 daAuts
     D:3: 705 daAuts
     D:2: 652 daAuts
     D:4: 199 daAuts
